 Dungeon Crawl Stone Soup version 0.29-a0-876-gfc89b1a5bd (webtiles) character file.

Game seed: 6883392418620509802

219 Snarg the Vexing (level 5, 0/26 HPs)
             Began as a Spriggan Arcane Marksman on July 19, 2022.
             Was a Believer of Sif Muna.
             Killed by an exploding orc priest (24 damage)
             ... ignited by their inner flame
             ... on level 4 of the Dungeon.
             The game lasted 00:15:57 (3299 turns).

Snarg the Vexing (Spriggan Arcane Marksman)         Turns: 3299, Time: 00:15:59

Health: 0/26       AC:  4    Str:  6    XL:     5   Next: 63%
Magic:  8/9        EV: 18    Int: 15    God:    Sif Muna [**....]
Gold:   20         SH:  0    Dex: 17    Spells: 4/8 levels left

rFire   . . .      SeeInvis +   a - +0 sling (flame)
rCold   + . .      Faith    .   (no shield)
rNeg    . . .      Spirit   .   w - +2 robe {rC+}
rPois   .          Reflect  .   (helmet restricted)
rElec   .          Harm     .   (no cloak)
rCorr   .          Rampage  .   (gloves unavailable)
Will    .....                   (boots unavailable)
Stlth   ++........              s - amulet of magic regeneration
HPRegen 0.08/turn               (no ring)
MPRegen 0.51/turn               (no ring)

@: very quick
A: very small, no large weapons, unfitting armour, see invisible, speed 3
a: Renounce Religion, Channel Magic


You were on level 4 of the Dungeon.
You worshipped Sif Muna.
Sif Muna was pleased with you.
You visited 1 branch of the dungeon, and saw 4 of its levels.

You collected 123 gold pieces.
You spent 103 gold pieces at shops.

Inventory:

Hand Weapons
 a - a +0 sling of flaming (weapon)
 b - a +0 dagger
 l - a +0 short sword
 p - a +0 rapier
 q - a +0 shortbow
Missiles
 f - 9 poisoned darts
 g - 2 boomerangs of dispersal
 m - 34 stones
Armour
 w - a +2 robe of cold resistance (worn)
Magical Staves
 v - a staff of fire
Jewellery
 s - an amulet of magic regeneration (around neck)
Scrolls
 h - 2 scrolls of amnesia {unknown}
 k - 2 scrolls of vulnerability
 n - a scroll of blinking
 u - a scroll of poison {unknown}
Potions
 e - 2 potions of invisibility
 i - a potion of haste {unknown}
 j - a potion of brilliance {unknown}
 r - a potion of heal wounds
 t - a potion of mutation {unknown}


   Skills:
 * Level 1.8 Fighting
 + Level 0.2 Short Blades
 + Level 3.7 Ranged Weapons
 + Level 3.0 Dodging
 + Level 2.3 Stealth
 - Level 2.0 Spellcasting
 + Level 4.3 Hexes
 * Level 1.2 Fire Magic
 * Level 1.3 Invocations


You had 4 spell levels left.
You knew the following spells:

 Your Spells              Type           Power      Damage    Failure   Level
a - Slow                  Hex            56%        N/A       3%          1
b - Inner Flame           Hex/Fire       9%         N/A       22%         3

Your spell library contained the following spells:

 Spells                   Type           Power      Damage    Failure   Level
 Magic Dart               Conj           4%         1d3       22%         1
 Shock                    Conj/Air       4%         1d3       22%         1
 Portal Projectile        Hex/Tloc       14%        N/A       28%         3
 Call Imp                 Summ           1%         N/A       32%         2
 Cause Fear               Hex            7%         N/A       36%         4
 Mephitic Cloud           Conj/Pois/Air  1%         N/A       54%         3
 Swiftness                Air            1%         N/A       54%         3
 Airstrike                Air            0%         0-2+      91%         4
 Iskenderun's Battlesphe  Conj           1%         2d6       99%         5
 Iron Shot                Conj/Erth      0%         9d1       100%        6
 Spellforged Servitor     Conj/Summ      0%         N/A       100%        7


Dungeon Overview and Level Annotations

Branches:
Dungeon (4/15)
 Temple: D:4-7

Altars:
Cheibriados
Fedhas
Sif Muna
Wu Jian
Yredelemnul
The Shining One

Shops:
D:3 :   D:4 (([[

Annotations:
D:1 flight / fire
D:2 clr
D:3 clr
D:4 Pargi


Innate Abilities, Weirdness & Mutations

You are very small and have problems with some larger weapons.
You are too small for most types of armour.
You have supernaturally acute eyesight. (SInv)
You cover ground extremely quickly. (Speed+++)


Message History

The sling bullet hits the orc priest but does no damage.
The orc priest is almost dead.
The orc priest begins to cast a cantrip, but forgets the words!
Casting: Inner Flame (extremely dangerous; 26% risk of failure)
Confirm with . or Enter, or press ? or * to list all spells.
Aiming: Slow (safe; 3% risk of failure)
Press: ? - help, Shift-Dir - straight line, f - hound
Aim: a hound (chance to affect: 62%)
The hound resists with significant effort.
Casting: Slow (safe; 3% risk of failure)
Confirm with . or Enter, or press ? or * to list all spells.
Aiming: Slow (safe; 3% risk of failure)
Press: ? - help, Shift-Dir - straight line, f/p - hound
Aim: a hound (chance to affect: 62%)
The hound resists with significant effort.
The hound bites you. The hound closely misses you.
You shoot a sling bullet. The sling bullet hits the hound.
The sling bullet burns the hound.
The hound is lightly wounded.
The hound misses you.
You shoot a sling bullet. The sling bullet hits the hound.
The sling bullet burns the hound.
The hound is moderately wounded.
The hound barely misses you. The hound misses you.
You shoot a sling bullet. The sling bullet hits the hound.
The sling bullet burns the hound.
The hound is heavily wounded.
The hound completely misses you. The hound bites you.
You shoot a sling bullet. The sling bullet hits the hound.
The sling bullet burns the hound.
You kill the hound!
Sif Muna accepts your kill.
Your Fire Magic skill increases to level 1!
You shoot a sling bullet. The sling bullet hits the orc priest.
The sling bullet burns the orc priest.
Sif Muna accepts your kill.
The orc priest explodes!
The fiery explosion engulfs you!!
Ouch! That really hurt!
You die...

#.# #+#....
#.# ##... #.#
###. #.#####
##
##.....####.#
#..........<#
###
#.####.####.#
#.. #.# #.#
.## #.. #@#
#.# ....T...
#§#
##.##.....##..
#§#
#.............
#.#
#..##.....###.
#.# #..# ....
...
#.###..####.##
.#.
#....o........
#####.#.###...
#.#.#


There were no monsters in sight!

Vanquished Creatures
  A scorpion (D:2)
  A hound (D:4)
  An orc priest (D:4)
  3 adders
  2 dart slugs
  13 orcs
  4 bats
  10 endoplasms
  3 giant cockroaches
  6 goblins
  7 hobgoblins
  6 jackals
  5 kobolds
  4 quokkas
  3 ball pythons
  6 frilled lizards
  5 rats
80 creatures vanquished.

Vanquished Creatures (others)
  A goblin (D:3)
1 creature vanquished.

Grand Total: 81 creatures vanquished

Notes
Turn   | Place    | Note
-------+----------+-------------------------------------------
     0 | D:1      | Snarg the Spriggan Arcane Marksman began the quest for the
                  | Orb.
     0 | D:1      | Reached XP level 1. HP: 9/9 MP: 3/3
    64 | D:1      | Reached skill level 1 in Fighting
    88 | D:1      | Reached XP level 2. HP: 14/14 MP: 1/5
   168 | D:1      | Reached skill level 4 in Hexes
   745 | D:1      | Reached skill level 1 in Stealth
   902 | D:2      | Reached XP level 3. HP: 18/18 MP: 6/6
  1470 | D:2      | Found a faded altar of an unknown god.
  1498 | D:2      | Prayed at the altar of an unknown god.
  1498 | D:2      | Became a worshipper of Sif Muna the Loreminder
  1498 | D:2      | Reached * piety under Sif Muna
  1769 | D:3      | Noticed a scorpion
  1794 | D:2      | Killed a scorpion
  1795 | D:2      | Reached XP level 4. HP: 23/23 MP: 6/8
  1861 | D:3      | Learned a level 3 spell: Inner Flame
  2147 | D:3      | Found Qulyx's Book Shoppe.
  2203 | D:3      | Found a glowing golden altar of the Shining One.
  2207 | D:3      | Noticed an angel
  2214 | D:3      | Reached XP level 5. HP: 26/26 MP: 9/9
  2229 | D:3      | Found a basalt altar of Yredelemnul.
  2231 | D:3      | Noticed a profane servitor
  2317 | D:3      | Found a snail-covered altar of Cheibriados.
  2548 | D:3      | Found a blossoming altar of Fedhas.
  2587 | D:4      | Found Viev's Weapon Shoppe.
  2593 | D:4      | Reached skill level 1 in Invocations
  2640 | D:4      | Reached ** piety under Sif Muna
  2947 | D:4      | Noticed Pargi
  2973 | D:4      | Found Rezott's Antique Armour Boutique.
  3010 | D:4      | Found Uriqoire's Antique Armour Emporium.
  3015 | D:4      | Bought a runed robe for 103 gold pieces
  3125 | D:4      | Found an ornate altar of the Wu Jian Council.
  3222 | D:4      | Found Ymeastreu's Antique Weapon Boutique.
  3299 | D:4      | Reached skill level 1 in Fire Magic
  3299 | D:4      | Killed by an exploding orc priest... ignited by their inner
                  | flame

Illustrated notes

Levels and vault maps discovered:
D:1:      wheals_arrival_shading, layout_basic, lemuel_another_geyser
D:2:      layout_loops_ring, basic_ecumenical_altar
D:3:      layout_rooms, nicolae_overflow_hidden_temple,
          grunt_temple_overflow_holy_war, lemuel_round_altar, serial_shops,
          nicolae_shop_crystal
D:4:      layout_loops_ring, lemuel_tele_altar,
          mainiacjoe_overflow_surrounded_room, serial_shops,
          nicolae_take_the_stairs, nicolae_shop_window_shopping,
          nicolae_square_shop, kennysheep_little_box, nicolae_square_shop,
          uniq_pargi

Skill      XL: |  1  2  3  4  5 |
---------------+----------------+-----
Fighting       | 1 |  1.8
Hexes          | 4 |  4.3
Stealth        | 1 2 |  2.3
Ranged Weapons | 3 |  3.7
Dodging        | 3 |  3.0
Spellcasting   | 2 |  2.0
Invocations    | 1 |  1.3
Fire Magic     | 1 |  1.2
Short Blades   | |  0.2

Action                   |  1- 3 |  4- 6 || total
-------------------------+-------+-------++-------
Melee: Dagger            |    25 |    10 ||    35
       Punch             |     2 |       ||     2
 Fire: Sling             |   124 |   107 ||   231
Throw: Dart              |     2 |       ||     2
 Cast: Slow              |    26 |     9 ||    35
       Inner Flame       |       |     4 ||     4
  Use: Scroll            |       |     4 ||     4
Armor: Robe              |     3 |     1 ||     4
Dodge: Dodged            |    37 |    14 ||    51

Table legend: (Time is in decaauts)
 A = Elapsed time spent in this place.
 B = Non-inter-level travel time spent in this place.
 C = Inter-level travel time spent in this place.
 D = Time resting spent in this place.
 E = Time spent auto-exploring this place.
 F = Levels seen in this place.
 G = Mean time per level.
                   A        B        C        D        E       F      G
               +--------+--------+--------+--------+--------+-----+--------+
         Total |   2397 |   2318 |     79 |    225 |   1301 |   4 |  599.2 |
       Dungeon |   2397 |   2318 |     79 |    225 |   1301 |   4 |  599.2 |
               +--------+--------+--------+--------+--------+-----+--------+

Top non-repeatable levels by time:
     D:3: 672 daAuts
     D:2: 669 daAuts
     D:1: 627 daAuts
     D:4: 427 daAuts
